 Dungeon Sprint DCSS version 0.26-a0-690-gcb57259078 (webtiles) character file.

Game seed: 7642173154314986696

42084898 mhtbhm the Conqueror (level 22, 209/209 HPs)
             Began as a Minotaur Fighter on Oct 22, 2020.
             Was the Champion of Trog.
             Escaped with the Orb
             ... and 9 runes on Oct 23, 2020!
             The game lasted 00:29:26 (12275 turns).

mhtbhm the Conqueror (Minotaur Fighter)            Turns: 12275, Time: 00:29:26

Health: 209/209    AC: 41    Str: 46    XL:     22   Next: 50%
Magic:  18/18      EV: 25    Int:  3    God:    Trog [******]
Gold:   530        SH: 36    Dex: 14    Spells: 21/21 levels left

rFire    + + +     SeeInvis .   a - +9 demon blade (vorpal)
rCold    . . .     Faith    .   c - +5 tower shield
rNeg     + . .     Spirit   .   b - +6 gold dragon scales
rPois    +         Reflect  .   A - +0 hat of Roawas {*Slow rF+ Str+2 Int+4}
rElec    .         Harm     +   u - +0 cloak of Oxohip {Harm rC- Regen+ rCorr}
rCorr    +         Rampage  +   t - +0 pair of gloves
MR       +....     NoTele   +   n - +2 pair of boots {rampage}
Stlth    +.........             I - amulet of regeneration
HPRegen  1.24/turn              C - +6 ring of strength
MPRegen  0.16/turn              P - ring "Eckyn" {*Slow rN+ Str+8 Int-4 Dex+3}

@: no status effects
A: retaliatory headbutt, horns 2, deterioration 1, dopey 1, fire resistance 1,
frail 1, low mp 1, inhibited regeneration, no potion heal 1, subdued magic 3
0: Orb of Zot
}: 9/17 runes: decaying, serpentine, barnacled, slimy, elven, silver, golden,
abyssal, gossamer
a: Berserk, Trog's Hand, Brothers in Arms, Renounce Religion


You escaped.
You worshipped Trog.
Trog was exalted by your worship.
You visited 1 branch You collected 2067 gold pieces.
You spent 1537 gold pieces at shops.

Inventory:

Hand Weapons
 a - a +9 vorpal demon blade (weapon)
 v - a +4 double sword of flaming
 w - a +0 shortbow
 B - a +5 demon blade of draining
 E - the +7 Singing Sword {vorpal, sonic wave}
   (Trog gifted it to you in the Dungeon)

   It inflicts extra damage upon your enemies.
 M - a +3 eveningstar of flaming
Missiles
 i - 85 javelins
 D - 11 silver javelins (quivered)
Armour
 b - +6 gold dragon scales (worn)
 c - a +5 tower shield (worn)
 n - a +2 pair of boots of rampaging (worn)
 t - a +0 pair of gloves (worn)
 u - the +0 cloak of Oxohip (worn) {Harm rC- Regen+ rCorr}
   (You found it in the Dungeon)

   It makes you vulnerable to cold.
   It increases your rate of regeneration.
   It provides partial protection from all sources of acid and corrosion.
   It increases damage dealt and taken.
 A - the +0 hat of Roawas (worn) {*Slow rF+ Str+2 Int+4}
   (You found it in the Dungeon)

   It affects your strength (+2).
   It affects your intelligence (+4).
   It protects you from fire.
   It may slow you when you take damage.
 L - a +2 cloak of magic resistance
Jewellery
 C - a +6 ring of strength (left hand)
 I - an amulet of regeneration (around neck)
 N - the ring "Suung" {rPois rN+ Str+2 Dex-5 SInv}
   (You found it in the Dungeon)

   [ring of see invisible]

   It affects your strength (+2).
   It affects your dexterity (-5).
   It protects you from poison.
   It protects you from negative energy.
   It lets you see invisible.
 P - the ring "Eckyn" (right hand) {*Slow rN+ Str+8 Int-4 Dex+3}
   (You found it in the Dungeon)

   [ring of dexterity]

   It affects your strength (+8).
   It affects your intelligence (-4).
   It affects your dexterity (+3).
   It protects you from negative energy.
   It may slow you when you take damage.
Wands
 m - a wand of acid (5)
Scrolls
 j - 2 scrolls of blinking
 l - 9 scrolls of remove curse
 q - 4 scrolls of fog
 F - 2 scrolls of fear
 H - a scroll of immolation
Potions
 d - 2 potions of might
 e - 12 potions of curing
 f - 3 potions of heal wounds
 g - 7 potions of haste
 h - 9 potions of magic
 k - 3 potions of stabbing
 o - a potion of resistance
 p - 2 potions of berserk rage
 s - a potion of ambrosia
 J - a potion of lignification
Miscellaneous
 r - the horn of Geryon
 y - a lightning rod (4/4)
 z - a phantom mirror


   Skills:
 O Level 27 Fighting
 O Level 27 Long Blades
 O Level 27 Axes
 O Level 27 Maces & Flails
 + Level 22.6 Bows
 O Level 27 Throwing
 O Level 27 Armour
 O Level 27 Dodging
 O Level 27 Stealth
 O Level 27 Shields
 O Level 27 Unarmed Combat
 O Level 27 Evocations


You had 21 spell levels left.
You didn't know any spells.
Your spell library was empty.

Dungeon Overview and Level Annotations

Branches:
Dungeon (1/1)

Altars:
Cheibriados
Dithmenos
Elyvilon
Fedhas
Gozag
Hepliaklqana
Kikubaaqudgha
Makhleb
Nemelex Xobeh
Okawaru
Qazlal
Ru
Sif Muna
Trog
Uskayaw
Vehumet
Wu Jian
Xom
Yredelemnul
Zin
The Shining One
Beogh
Jiyva
Lugonu

Shops:
D ?[(}

Annotations:
D Antaeus, Asmodeus, Lom Lobon


Innate Abilities, Weirdness & Mutations

You reflexively headbutt those who attack you in melee.
You have a pair of horns on your head.
Your body sometimes deteriorates upon taking damage.
You are dopey. (Int -2)
Your flesh is heat resistant. (rF+)
You are frail. (-10% HP)
Your magical capacity is low. (-10% MP)
You do not regenerate when monsters are visible.
Potions are less effective at restoring your health.
Your spells are much easier to cast, but much less powerful.


Message History

There is a sparkling altar of Nemelex Xobeh here.
There is a burning altar of Makhleb here.
There is a corrupted altar of Lugonu here.
There is an ancient bone altar of Kikubaaqudgha here.
There is a hazy altar of Hepliaklqana here.
There is an opulent altar of Gozag here.
There is a blossoming altar of Fedhas here.
There is a white marble altar of Elyvilon here.
There is a shadowy altar of Dithmenos here.
There is a snail-covered altar of Cheibriados here.
There is a roughly hewn altar of Beogh here.
There is an open door to the Temple here.
Things that are here:
a +0 hand axe; 9 arrows; a +0 shortbow
There is an open door, spattered with blood here.
You see here an arrow.
You see here a +0 club.
There is an open door to the Dungeon here.
There is a staircase leading out of the dungeon here.
You have escaped!

▓.............'[[)
▓.▓▓▓▓▓▓▓▓▓▓▓▓▓▓▓▓
▓.................
▓▓▓▓▓▓▓▓▓▓▓▓▓▓▓▓▓▓
▓......)'......)(.
▓.▓▓▓▓▓▓▓▓▓▓▓▓▓▓▓▓
▓.................
▓▓▓▓▓▓▓▓▓▓▓▓▓▓▓▓▓▓
▓@...')...(')....'
▓▓▓▓▓▓▓▓▓▓▓▓▓▓▓▓▓▓


There were no monsters in sight!

Vanquished Creatures
  the Royal Jelly (D)
  3 orbs of fire (D)
  5 ancient liches (D)
  A juggernaut (D)
  Boris (D)
  Frederick (D)
  7 greater mummies (D)
  Margery (D)
  A curse toe (D)
  Geryon (D)
  Xtahua (D)
  4 pandemonium lords (D)
  6 golden dragons (D)
  Jory (D)
  3 bone dragons (D)
  A Tzitzimitl (D)
  A Hell Sentinel (D)
  An electric golem (D)
  4 liches (D)
  39 Orb Guardians (D)
  5 tentacled monstrosities (D)
  4 deep elf blademasters (D)
  A titan (D)
  A deep elf master archer (D)
  Frances (D)
  8 acid blobs (D)
  12 sphinxes (D)
  2 death cobs (D)
  4 draconian monks (D)
  9 storm dragons (D)
  Donald (D)
  Agnes (D)
  6 shadow dragons (D)
  6 nagarajas (D)
  Ilsuiw (D)
  2 fire giants (D)
  4 frost giants (D)
  A deep elf sorcerer (D)
  A ghost moth (D)
  2 vault wardens (D)
  6 azure jellies (D)
  2 draconian scorchers (D)
  2 cacodemons (D)
  3 emperor scorpions (D)
  A draconian stormcaller (D)
  A corrupter (D)
  2 draconian shifters (D)
  A war gargoyle (D)
  2 very ugly things (D)
  2 draconian annihilators (D)
  3 reapers (D)
  4 ironheart preservers (D)
  6 stone giants (D)
  A green draconian (D)
  7 vampire knights (D)
  2 deep elf annihilators (D)
  3 lorocyprocas (D)
  A deep elf demonologist (D)
  4 purple draconians (D)
  Nessos (D)
  Azrael (D)
  2 dire elephants (D)
  2 red draconians (D)
  A black draconian (D)
  3 white draconians (D)
  2 yellow draconians (D)
  A deep elf death mage (D)
  5 merfolk javelineers (D)
  A green death (D)
  2 ettins (D)
  A crystal guardian (D)
  6 mummy priests (D)
  6 death oozes (D)
  A blizzard demon (D)
  3 fire dragons (D)
  2 yaktaur captains (D)
  A great orb of eyes (D)
  4 merfolk impalers (D)
  A rakshasa (D)
  4 deep elf high priests (D)
  25 vault guards (D)
  2 ice dragons (D)
  10 hydras (D)
  Harold (D)
  3 naga warriors (D)
  A spriggan air mage (D)
  2 boulder beetles (D)
  An anaconda (D)
  3 centaur warriors (D)
  A death knight (D)
  3 merfolk aquamancers (D)
  3 ogre magi (D)
  An alligator snapping turtle (D)
  2 shambling mangroves (D)
  A deep troll earth mage (D)
  4 hell hogs (D)
  Urug (D)
  A vampire mage (D)
  A thrashing horror (D)
  2 soul eaters (D)
  3 sun demons (D)
  Nergalle (D)
  6 hell knights (D)
  6 sixfirhies (D)
  An unseen horror (D)
  A sea snake (D)
  2 shadow demons (D)
  4 swamp dragons (D)
  2 gelid demonspawn (D)
  11 orc knights (D)
  A deep troll (D)
  A flayed ghost (D)
  4 ironbrand convokers (D)
  3 necromancers (D)
  An orb spider (D)
  An ugly thing (D)
  An orc sorcerer (D)
  7 wolf spiders (D)
  A mana viper (D)
  A worldbinder (D)
  8 moths of wrath (D)
  2 cyclopes (D)
  7 elephants (D)
  5 black mambas (D)
  A merfolk siren (D)
  A vault sentinel (D)
  A guardian serpent (D)
  3 orange demons (D)
  4 naga magi (D)
  2 smoke demons (D)
  5 yaktaurs (D)
  A cane toad (D)
  A hellion (D)
  A tengu conjurer (D)
  2 freezing wraiths (D)
  2 tormentors (D)
  2 hellwings (D)
  A komodo dragon (D)
  An efreet (D)
  5 demonic crawlers (D)
  15 guardian mummies (D)
  3 red devils (D)
  2 trolls (D)
  A wandering mushroom (D)
  A polar bear (shapeshifter) (D)
  3 merfolk (D)
  2 jumping spiders (D)
  A wind drake (shapeshifter) (D)
  5 hornets (D)
  A slime creature (D)
  A tyrant leech (D)
  2 bog bodies (D)
  A raiju (D)
  A snapping turtle (D)
  4 redbacks (D)
  11 spriggans (D)
  2 ynoxinuls (D)
  A wraith (D)
  A wyvern (D)
  4 yaks (D)
  2 fire elementals (D)
  A golden eye (D)
  2 vampire mosquitoes (D)
  2 nagas (D)
  2 acid dragons (D)
  3 hell hounds (D)
  3 water moccasins (D)
  4 floating eyes (D)
  An eye of draining (D)
  20 orc warriors (D)
  3 black bears (D)
  3 centaurs (D)
  A wolf (D)
  2 bullfrogs (D)
  2 killer bees (D)
  An iron imp (D)
  3 orc priests (D)
  A hound (D)
  An orc wizard (D)
  A worker ant (D)
  2 adders (D)
  2 ufetubi (D)
  An adder zombie (D)
  A dart slug (D)
  9 orcs (D)
  A bat zombie (D)
  A goblin (D)
  A hobgoblin (D)
  A jackal (D)
  A ball python (D)
  A frilled lizard (D)
  A giant cockroach zombie (D)
  2 rats (D)
  A lurking horror (D)
584 creatures vanquished.

Vanquished Creatures (others)
  Nikola (D)
1 creature vanquished.

Grand Total: 585 creatures vanquished

Notes
Turn   | Place    | Note
-------+----------+-------------------------------------------
     0 | D        | mhtbhm the Minotaur Fighter began the quest for the Orb.
     0 | D        | Reached XP level 1. HP: 19/19 MP: 0/0
    21 | D        | Noticed a centaur
    24 | D        | Reached XP level 2. HP: 24/28 MP: 1/1
    33 | D        | Killed a centaur
    33 | D        | Reached XP level 3. HP: 10/38 MP: 2/2
    33 | D        | Reached XP level 4. HP: 12/45 MP: 3/3
    61 | D        | Found a roughly hewn altar of Beogh.
    61 | D        | Found a snail-covered altar of Cheibriados.
    61 | D        | Found a shadowy altar of Dithmenos.
    61 | D        | Found a white marble altar of Elyvilon.
    61 | D        | Found a blossoming altar of Fedhas.
    61 | D        | Found an opulent altar of Gozag.
    62 | D        | Found a hazy altar of Hepliaklqana.
    63 | D        | Found a viscous altar of Jiyva.
    64 | D        | Found an ancient bone altar of Kikubaaqudgha.
    65 | D        | Found a corrupted altar of Lugonu.
    66 | D        | Found a burning altar of Makhleb.
    67 | D        | Found a sparkling altar of Nemelex Xobeh.
    68 | D        | Found an iron altar of Okawaru.
    69 | D        | Found a stormy altar of Qazlal.
    70 | D        | Found a sacrificial altar of Ru.
    71 | D        | Found a shimmering blue altar of Sif Muna.
    72 | D        | Found a bloodstained altar of Trog.
    73 | D        | Found a hide-covered altar of Uskayaw.
    74 | D        | Found a radiant altar of Vehumet.
    75 | D        | Found an ornate altar of the Wu Jian Council.
    76 | D        | Found a shimmering altar of Xom.
    77 | D        | Found a basalt altar of Yredelemnul.
    78 | D        | Found a glowing silver altar of Zin.
    79 | D        | Found a glowing golden altar of the Shining One.
    80 | D        | Became a worshipper of Trog the Wrathful
   135 | D        | Noticed a troll
   136 | D        | Reached skill level 5 in Long Blades
   139 | D        | Reached XP level 5. HP: 29/52 MP: 4/4
   148 | D        | Killed a troll
   148 | D        | Reached * piety under Trog
   148 | D        | Reached skill level 1 in Dodging
   148 | D        | Reached XP level 6. HP: 25/62 MP: 5/5
   155 | D        | Reached ** piety under Trog
   405 | D        | Noticed an orc warrior
   405 | D        | Noticed a troll
   405 | D        | Noticed a wraith
   412 | D        | Killed an orc warrior
   412 | D        | Reached skill level 10 in Long Blades
   412 | D        | Reached skill level 10 in Shields
   412 | D        | Reached XP level 7. HP: 70/70 MP: 6/6
   423 | D        | Killed a troll
   423 | D        | Reached *** piety under Trog
   426 | D        | Killed a wraith
   426 | D        | Reached skill level 10 in Fighting
   426 | D        | Reached XP level 8. HP: 79/79 MP: 7/7
   515 | D        | Noticed Urug
   531 | D        | Killed Urug
   531 | D        | Reached skill level 10 in Armour
   531 | D        | Reached skill level 1 in Stealth
   728 | D        | Noticed a cane toad
   732 | D        | Reached **** piety under Trog
   738 | D        | Killed a cane toad
   738 | D        | Reached XP level 9. HP: 76/86 MP: 8/8
   738 | D        | Noticed a black mamba
   752 | D        | Reached ***** piety under Trog
   756 | D        | Killed a black mamba
   761 | D        | Reached skill level 15 in Long Blades
   830 | D        | Noticed an elephant
   835 | D        | Received a gift from Trog
   846 | D        | Noticed a komodo dragon
   848 | D        | Killed an elephant
   863 | D        | Reached skill level 5 in Dodging
   864 | D        | Reached XP level 10. HP: 85/97 MP: 9/9
   875 | D        | Got a dazzling double sword {god gift}
   876 | D        | Identified the +1 double sword "Usanataro" {vorpal, rElec}
                  | (Trog gifted it to you in the Dungeon)
   984 | D        | Noticed an elephant
   984 | D        | Noticed a dire elephant
   984 | D        | Noticed an elephant
   984 | D        | Noticed an elephant
   984 | D        | Noticed a dire elephant
   984 | D        | Noticed an elephant
   985 | D        | Noticed an elephant
   990 | D        | Killed a dire elephant
   990 | D        | Received a gift from Trog
   990 | D        | Reached skill level 1 in Evocations
   998 | D        | Killed a dire elephant
  1001 | D        | Killed an elephant
  1005 | D        | Killed an elephant
  1009 | D        | Noticed an elephant
  1010 | D        | Killed an elephant
  1010 | D        | Reached skill level 5 in Stealth
  1016 | D        | Killed an elephant
  1016 | D        | Received a gift from Trog
  1024 | D        | Killed an elephant
  1024 | D        | Reached ****** piety under Trog
  1031 | D        | Killed an elephant
  1031 | D        | Reached XP level 11. HP: 51/110 MP: 10/10
  1290 | D        | Noticed Harold
  1297 | D        | Killed Harold
  1346 | D        | Noticed an orc sorcerer
  1350 | D        | Killed an orc sorcerer
  1350 | D        | Received a gift from Trog
  1376 | D        | Received a gift from Trog
  1526 | D        | Noticed an orc knight
  1543 | D        | Killed an orc knight
  1545 | D        | Received a gift from Trog
  1547 | D        | Reached skill level 15 in Fighting
  1563 | D        | Reached skill level 15 in Shields
  1569 | D        | Received a gift from Trog
  1723 | D        | Found Tynkuosh's Magic Scroll Emporium.
  1723 | D        | Noticed an orc knight
  1723 | D        | Noticed an orc knight
  1724 | D        | Noticed an orc knight
  1728 | D        | Killed an orc knight
  1729 | D        | Found Eskiv's Antique Armour Shoppe.
  1729 | D        | Noticed an orc knight
  1733 | D        | Killed an orc knight
  1738 | D        | Found Zinouj's Antique Weapon Emporium.
  1745 | D        | Killed an orc knight
  1745 | D        | Received a gift from Trog
  1749 | D        | Killed an orc knight
  1753 | D        | Found Fevam's Gadget Shoppe.
  1795 | D        | Noticed an orc knight
  1812 | D        | Killed an orc knight
  1818 | D        | Received a gift from Trog
  1827 | D        | Bought a scroll of enchant weapon for 75 gold pieces
  1827 | D        | Bought a scroll of identify for 20 gold pieces
  1833 | D        | Bought a lightning rod (4/4) for 520 gold pieces
  1833 | D        | Bought a phantom mirror for 390 gold pieces
  1843 | D        | Bought a bloodstained plate armour for 532 gold pieces
  1848 | D        | Identified the +1 plate armour of Cibboh {rN+ MR+ Stlth-}
                  | (You bought it in a shop in the Dungeon)
  2126 | D        | Got the +7 long sword "Piuhak" {vamp, rC+}
  2192 | D        | Noticed a centaur warrior
  2198 | D        | Killed a centaur warrior
  2207 | D        | Noticed a centaur warrior
  2210 | D        | Noticed an ettin
  2213 | D        | Noticed a fire dragon
  2217 | D        | Noticed a flayed ghost
  2219 | D        | Received a gift from Trog
  2223 | D        | Noticed a hell knight
  2225 | D        | Killed a centaur warrior
  2225 | D        | Reached XP level 12. HP: 67/124 MP: 11/11
  2228 | D        | Noticed a great orb of eyes
  2230 | D        | Killed an ettin
  2237 | D        | Killed a fire dragon
  2242 | D        | Received a gift from Trog
  2242 | D        | Reached skill level 15 in Armour
  2252 | D        | Killed a great orb of eyes
  2259 | D        | Noticed a stone giant
  2260 | D        | Got a jewelled long sword {god gift}
  2269 | D        | Killed a stone giant
  2288 | D        | Identified the +13 long sword "Zumpiq" {vorpal, +Blink
                  | SInv} (Trog gifted it to you in the Dungeon)
  2339 | D        | Noticed Nergalle
  2349 | D        | Killed Nergalle
  2349 | D        | Received a gift from Trog
  2405 | D        | Noticed an anaconda
  2412 | D        | Noticed a naga warrior
  2422 | D        | Noticed a naga warrior
  2424 | D        | Received a gift from Trog
  2431 | D        | Killed an anaconda
  2442 | D        | Killed a naga warrior
  2447 | D        | Killed a naga warrior
  2599 | D        | Received a gift from Trog
  2615 | D        | Reached XP level 13. HP: 84/137 MP: 12/12
  2821 | D        | Received a gift from Trog
  2821 | D        | Reached skill level 10 in Dodging
  2825 | D        | Reached skill level 1 in Throwing
  3038 | D        | Noticed a white very ugly thing
  3043 | D        | Received a gift from Trog
  3061 | D        | Killed a white very ugly thing
  3061 | D        | Received a gift from Trog
  3358 | D        | Noticed Frances
  3365 | D        | Killed Frances
  3482 | D        | Noticed a frost giant
  3482 | D        | Noticed a frost giant
  3485 | D        | Noticed a stone giant
  3487 | D        | Killed a frost giant
  3487 | D        | Received a gift from Trog
  3490 | D        | Killed a frost giant
  3494 | D        | Noticed a fire giant
  3496 | D        | Received a gift from Trog
  3498 | D        | Noticed a stone giant
  3501 | D        | Killed a stone giant
  3503 | D        | Noticed a frost giant
  3510 | D        | Killed a fire giant
  3513 | D        | Killed a stone giant
  3516 | D        | Killed a frost giant
  3516 | D        | Received a gift from Trog
  3516 | D        | Reached XP level 14. HP: 138/151 MP: 13/13
  3522 | D        | Noticed a frost giant
  3529 | D        | Received a gift from Trog
  3530 | D        | Killed a frost giant
  3810 | D        | Noticed an ironheart preserver
  3819 | D        | Received a gift from Trog
  3823 | D        | Noticed an ironheart preserver
  3831 | D        | Killed an ironheart preserver
  3834 | D        | Noticed a stone giant
  3845 | D        | Received a gift from Trog
  3852 | D        | Killed an ironheart preserver
  3864 | D        | Killed a stone giant
  3868 | D        | Noticed a vault warden
  3883 | D        | Received a gift from Trog
  3884 | D        | Noticed an ironheart preserver
  3887 | D        | Noticed a stone giant
  3891 | D        | Killed a vault warden
  3907 | D        | Killed an ironheart preserver
  3912 | D        | Killed a stone giant
  3912 | D        | Received a gift from Trog
  4249 | D        | Noticed Margery
  4270 | D        | Killed Margery
  4270 | D        | Received a gift from Trog
  4558 | D        | Got the +0 hat of Roawas {*Slow rF+ Str+2 Int+4}
  4571 | D        | Got the +0 cloak of Oxohip {Harm rC- Regen+ rCorr}
  4681 | D        | Noticed Xtahua
  4682 | D        | Noticed Nessos
  4688 | D        | Killed Xtahua
  4688 | D        | Received a gift from Trog
  4697 | D        | Killed Nessos
  4697 | D        | Reached skill level 5 in Evocations
  4697 | D        | Reached XP level 15. HP: 162/168 MP: 14/14
  4761 | D        | Received a gift from Trog
  4775 | D        | Received a gift from Trog
  4777 | D        | Reached skill level 5 in Throwing
  4780 | D        | Got a decaying rune of Zot
  4788 | D        | Noticed a nagaraja
  4788 | D        | Noticed a nagaraja
  4788 | D        | Noticed a nagaraja
  4789 | D        | Noticed a nagaraja
  4797 | D        | Killed a nagaraja
  4803 | D        | Killed a nagaraja
  4803 | D        | Received a gift from Trog
  4804 | D        | Killed a nagaraja
  4809 | D        | Killed a nagaraja
  4811 | D        | Received a gift from Trog
  4812 | D        | Noticed a nagaraja
  4813 | D        | Noticed a nagaraja
  4823 | D        | Killed a nagaraja
  4824 | D        | Killed a nagaraja
  4828 | D        | Received a gift from Trog
  4840 | D        | Got a serpentine rune of Zot
  4969 | D        | Noticed Ilsuiw
  4975 | D        | Received a gift from Trog
  5001 | D        | Killed Ilsuiw
  5004 | D        | Received a gift from Trog
  5004 | D        | Reached skill level 27 in Fighting
  5014 | D        | Received a gift from Trog
  5037 | D        | Got a barnacled rune of Zot
  5190 | D        | Reached skill level 27 in Long Blades
  5195 | D        | Received a gift from Trog
  5199 | D        | Killed a ghost moth
  5222 | D        | Reached XP level 16. HP: 182/183 MP: 3/15
  5224 | D        | Received a gift from Trog
  5233 | D        | Got a gossamer rune of Zot
  5415 | D        | Received a gift from Trog
  5429 | D        | Reached skill level 27 in Shields
  5438 | D        | Received a gift from Trog
  5440 | D        | Reached skill level 15 in Dodging
  5441 | D        | Reached skill level 10 in Throwing
  5459 | D        | Received a gift from Trog
  5492 | D        | Received a gift from Trog
  5595 | D        | Noticed a storm dragon
  5600 | D        | Killed a storm dragon
  5607 | D        | Noticed a shadow dragon
  5610 | D        | Received a gift from Trog
  5617 | D        | Received a gift from Trog
  5620 | D        | Noticed a shadow dragon
  5625 | D        | Killed a shadow dragon
  5638 | D        | Received a gift from Trog
  5645 | D        | Killed a shadow dragon
  5712 | D        | Noticed a shadow dragon
  5712 | D        | Noticed a lich
  5712 | D        | Noticed a shadow dragon
  5718 | D        | Received a gift from Trog
  5720 | D        | Killed a lich
  5721 | D        | Killed a shadow dragon
  5721 | D        | Noticed a shadow dragon
  5722 | D        | Noticed a titan
  5730 | D        | Killed a shadow dragon
  5736 | D        | Killed a shadow dragon
  5736 | D        | Received a gift from Trog
  5739 | D        | Killed a titan
  5742 | D        | Got a silver rune of Zot
  5790 | D        | Noticed Frederick
  5801 | D        | Killed Frederick
  5801 | D        | Reached skill level 15 in Throwing
  5801 | D        | Reached XP level 17. HP: 191/191 MP: 16/16
  5812 | D        | Noticed Azrael
  5817 | D        | Received a gift from Trog
  5817 | D        | Reached skill level 10 in Evocations
  5819 | D        | Noticed Boris
  5823 | D        | Killed Azrael
  5837 | D        | Killed Boris
  5837 | D        | Received a gift from Trog
  5912 | D        | Got the ring of Meanysh {rCorr Str-4 Int+9 Dex-3}
  5914 | D        | Got the ring of Demysuga {*Slow rElec Int+3 Dex-2 SInv}
  5916 | D        | Got the ring "Suung" {rPois rN+ Str+2 Dex-5 SInv}
  5918 | D        | Got the ring of Moral Flaws {Ice Str+6}
  5920 | D        | Got the ring "Eckyn" {*Slow rN+ Str+8 Int-4 Dex+3}
  6007 | D        | Gained mutation: You are dopey. (Int -2) [potion of
                  | mutation]
  6007 | D        | Gained mutation: Your body sometimes deteriorates upon
                  | taking damage. [potion of mutation]
  6007 | D        | Gained mutation: You are frail. (-10% HP) [potion of
                  | mutation]
  6007 | D        | Gained mutation: Your flesh is heat resistant. (rF+)
                  | [potion of mutation]
  6047 | D        | Noticed Agnes
  6054 | D        | Killed Agnes
  6057 | D        | Noticed Nikola
  6063 | D        | Killed Nikola
  6070 | D        | Noticed Jory
  6084 | D        | Killed Jory
  6181 | D        | Noticed Donald
  6192 | D        | Killed Donald
  6217 | D        | Noticed a lich
  6218 | D        | Received a gift from Trog
  6219 | D        | Killed a lich
  6221 | D        | Noticed a tentacled monstrosity
  6222 | D        | Received a gift from Trog
  6228 | D        | Noticed a juggernaut
  6232 | D        | Killed a tentacled monstrosity
  6239 | D        | Killed a juggernaut
  6268 | D        | Noticed a bone dragon
  6268 | D        | Noticed a golden dragon
  6272 | D        | Noticed a bone dragon
  6272 | D        | Received a gift from Trog
  6273 | D        | Killed a bone dragon
  6276 | D        | Killed a golden dragon
  6277 | D        | Killed a bone dragon
  6277 | D        | Received a gift from Trog
  6278 | D        | Noticed a bone dragon
  6278 | D        | Noticed a golden dragon
  6292 | D        | Killed a golden dragon
  6300 | D        | Killed a bone dragon
  6343 | D        | Received a gift from Trog
  6344 | D        | Found the +7 Singing Sword {vorpal, sonic wave}
  6355 | D        | Received a gift from Trog
  6355 | D        | Reached XP level 18. HP: 144/180 MP: 17/17
  6370 | D        | Reached skill level 27 in Armour
  6411 | D        | Noticed a golden dragon
  6415 | D        | Killed a golden dragon
  6417 | D        | Reached skill level 27 in Dodging
  6423 | D        | Received a gift from Trog
  6448 | D        | Noticed an orb of fire
  6451 | D        | Noticed a tentacled monstrosity
  6451 | D        | Gained mutation: Your spells are a little easier to cast,
                  | but a little less powerful. [an orb of fire]
  6455 | D        | Gained mutation: Your spells are easier to cast, but less
                  | powerful. [an orb of fire]
  6458 | D        | Killed an orb of fire
  6458 | D        | Received a gift from Trog
  6462 | D        | Killed a tentacled monstrosity
  6625 | D        | Noticed a tentacled monstrosity
  6630 | D        | Received a gift from Trog
  6631 | D        | Killed a tentacled monstrosity
  6631 | D        | Noticed a golden dragon
  6640 | D        | Killed a golden dragon
  6640 | D        | Reached skill level 27 in Throwing
  6762 | D        | Noticed an Orb Guardian
  6762 | D        | Noticed an Orb Guardian
  6762 | D        | Noticed an Orb Guardian
  6762 | D        | Noticed an Orb Guardian
  6762 | D        | Noticed an Orb Guardian
  6762 | D        | Noticed an Orb Guardian
  6764 | D        | Killed an Orb Guardian
  6764 | D        | Reached skill level 15 in Evocations
  6765 | D        | Noticed an Orb Guardian
  6766 | D        | Killed an Orb Guardian
  6766 | D        | Received a gift from Trog
  6768 | D        | Noticed an Orb Guardian
  6769 | D        | Killed an Orb Guardian
  6769 | D        | Noticed an Orb Guardian
  6770 | D        | Killed an Orb Guardian
  6771 | D        | Noticed an Orb Guardian
  6773 | D        | Killed an Orb Guardian
  6774 | D        | Killed an Orb Guardian
  6774 | D        | Killed an Orb Guardian
  6774 | D        | Killed an Orb Guardian
  6776 | D        | Killed an Orb Guardian
  6781 | D        | Killed an Orb Guardian
  6781 | D        | Received a gift from Trog
  6781 | D        | Reached XP level 19. HP: 165/186 MP: 18/18
  6801 | D        | Noticed a curse toe
  6804 | D        | Killed a curse toe
  6855 | D        | Noticed an ancient lich
  6855 | D        | Noticed an orb of fire
  6858 | D        | Killed an ancient lich
  6858 | D        | Received a gift from Trog
  6859 | D        | Gained mutation: Your spells are much easier to cast, but
                  | much less powerful. [an orb of fire]
  6870 | D        | Killed an orb of fire
  6893 | D        | Noticed an electric golem
  6897 | D        | Killed an electric golem
  7171 | D        | Noticed a golden dragon
  7172 | D        | Received a gift from Trog
  7174 | D        | Noticed an ancient lich
  7174 | D        | Noticed an orb of fire
  7177 | D        | Killed a golden dragon
  7178 | D        | Reached skill level 27 in Evocations
  7181 | D        | Killed an ancient lich
  7181 | D        | Received a gift from Trog
  7182 | D        | Killed an orb of fire
  7182 | D        | Reached skill level 10 in Maces & Flails
  7182 | D        | Reached skill level 10 in Stealth
  7183 | D        | Noticed a golden dragon
  7194 | D        | Killed a golden dragon
  7194 | D        | Reached skill level 10 in Unarmed Combat
  7202 | D        | Received a gift from Trog
  7352 | D        | Reached skill level 15 in Maces & Flails
  7354 | D        | Reached XP level 20. HP: 194/194 MP: 19/19
  7356 | D        | Received a gift from Trog
  7359 | D        | Reached skill level 15 in Unarmed Combat
  7360 | D        | Reached skill level 15 in Stealth
  7370 | D        | Received a gift from Trog
  7469 | D        | Noticed an ancient lich
  7479 | D        | Received a gift from Trog
  7480 | D        | Noticed an ancient lich
  7481 | D        | Noticed an ancient lich
  7481 | D        | Killed an ancient lich
  7485 | D        | Killed an ancient lich
  7485 | D        | Received a gift from Trog
  7488 | D        | Killed an ancient lich
  7524 | D        | Received a gift from Trog
  7532 | D        | Received a gift from Trog
  7546 | D        | Received a gift from Trog
  7549 | D        | Received a gift from Trog
  7578 | D        | Received a gift from Trog
  7704 | D        | Got an elven rune of Zot
  7830 | D        | Received a gift from Trog
  7833 | D        | Noticed the Royal Jelly
  7836 | D        | Killed the Royal Jelly
  7836 | D        | Reached XP level 21. HP: 201/201 MP: 20/20
  7838 | D        | Received a gift from Trog
  7863 | D        | Got a slimy rune of Zot
  7974 | D        | Received a gift from Trog
  7977 | D        | Received a gift from Trog
  7977 | D        | Reached skill level 27 in Maces & Flails
  7986 | D        | Received a gift from Trog
  7990 | D        | Received a gift from Trog
  8039 | D        | Received a gift from Trog
  8057 | D        | Received a gift from Trog
  8062 | D        | HP: 4/201 [something (22)]
  8548 | D        | Noticed a greater mummy
  8548 | D        | Noticed a greater mummy
  8548 | D        | Noticed a greater mummy
  8548 | D        | Noticed a greater mummy
  8690 | D        | Killed a greater mummy
  8690 | D        | Received a gift from Trog
  8690 | D        | Reached skill level 27 in Unarmed Combat
  8745 | D        | Killed a greater mummy
  9024 | D        | Killed a greater mummy
  9051 | D        | Noticed a greater mummy
  9061 | D        | Killed a greater mummy
  9061 | D        | Received a gift from Trog
  9072 | D        | Killed a greater mummy
  9072 | D        | Reached skill level 27 in Stealth
  9107 | D        | Noticed a greater mummy
  9114 | D        | Killed a greater mummy
  9257 | D        | Noticed a greater mummy
  9264 | D        | Killed a greater mummy
  9267 | D        | Got a golden rune of Zot
  9399 | D        | Received a gift from Trog
  9416 | D        | Got an abyssal rune of Zot
  9618 | D        | Noticed Geryon
  9626 | D        | Killed Geryon
  9626 | D        | Received a gift from Trog
  9733 | D        | Noticed Lom Lobon
  9733 | D        | Noticed Antaeus
  9733 | D        | Identified the +7 sceptre of Asmodeus
  9733 | D        | Noticed Asmodeus
 10185 | D        | Got the Orb of Zot
 10653 | D        | Received a gift from Trog
 10700 | D        | Noticed Ilack the pandemonium lord
 10708 | D        | Killed Ilack the pandemonium lord
 10788 | D        | Noticed Wimasyj the pandemonium lord
 10817 | D        | Killed Wimasyj the pandemonium lord
 10875 | D        | Received a gift from Trog
 10881 | D        | Reached XP level 22. HP: 207/209 MP: 21/21
 11277 | D        | Received a gift from Trog
 11501 | D        | Gained mutation: You do not regenerate when monsters are
                  | visible. [a cacodemon]
 11502 | D        | Gained mutation: Potions are less effective at restoring
                  | your health. [a cacodemon]
 11504 | D        | Received a gift from Trog
 11588 | D        | Reached skill level 27 in Axes
 11588 | D        | Upgraded the game from 0.26-a0-683-g5206c1d7ac to
                  | 0.26-a0-690-gcb57259078
 11674 | D        | Reached skill level 10 in Bows
 11677 | D        | Received a gift from Trog
 11742 | D        | Received a gift from Trog
 11863 | D        | Gained mutation: Your magical capacity is low. (-10% MP) [a
                  | cacodemon]
 11866 | D        | Reached skill level 15 in Bows
 11881 | D        | Received a gift from Trog
 11883 | D        | Noticed Mohitad the pandemonium lord
 11892 | D        | Killed Mohitad the pandemonium lord
 12008 | D        | Noticed Caaqy the pandemonium lord
 12014 | D        | Killed Caaqy the pandemonium lord
 12014 | D        | Received a gift from Trog
 12223 | D        | Received a gift from Trog
 12275 | D        | Escaped with the Orb!

Illustrated notes

Levels and vault maps discovered:
D:        linesprint [early_d, line_temple, items_1, d_10, items_2, lair_1,
          lair_end, items_3, orc_1, orc_end, items_4, d_15, swamp_1, shoals_1,
          snake_1, spider_1, d_20, vaults_1, items_5, swamp_end, shoals_end,
          snake_end, spider_end, vaults_end, d_27, items_6, zot_1, zot_end,
          crypt_end, forest_end, elf_end, slime_end, tomb_end, abyss_end,
          pan_hell_end]

Skill      XL: |  1  2  3  4  5  6  7  8  9 10 11 12 13 14 15 16 17 18 19 20 21 22 |
---------------+-------------------------------------------------------------------+-----
Fighting       | 4 6 7 8 9 10 12 14 16 19 21 24 27 | 27.0
Armour         | 4 6 8 9 11 12 13 14 15 16 17 18 22 26 27 | 27.0
Shields        | 4 6 7 9 10 11 12 13 14 16 18 21 22 26 27 | 27.0
Long Blades    | 4 6 9 10 11 13 15 17 19 20 22 25 27 | 27.0
Dodging        | 1 2 3 5 6 8 9 10 11 14 22 26 27 | 27.0
Stealth        | 2 3 5 6 13 21 27 | 27.0
Evocations     | 1 2 5 9 12 20 27 | 27.0
Throwing       | 4 8 15 20 27 | 27.0
Maces & Flails | 15 25 27 | 27.0
Unarmed Combat | 14 23 27 | 27.0
Axes           | 27 | 27.0
Bows           | 22 | 22.6

Action                   |  1- 3 |  4- 6 |  7- 9 | 10-12 | 13-15 | 16-18 | 19-21 | 22-24 || total
-------------------------+-------+-------+-------+-------+-------+-------+-------+-------++-------
Melee: Long sword        |    22 |    14 |       |   140 |    44 |       |       |       ||   220
       Headbutt          |     5 |     7 |    20 |    93 |   127 |    97 |    50 |    43 ||   442
       Scimitar          |       |    24 |    85 |     8 |       |       |       |       ||   117
       Double sword      |       |       |       |   105 |   114 |    53 |   166 |       ||   438
       Demon blade       |       |       |       |    43 |   242 |   289 |    84 |   150 ||   808
Throw: Javelin           |       |       |       |       |    19 |    29 |    49 |       ||    97
Invok: Berserk           |       |       |     2 |     4 |     7 |     2 |     1 |     2 ||    18
       Brothers in Arms  |       |       |       |       |       |     1 |       |       ||     1
Evoke: Wand              |       |     1 |       |     2 |     2 |       |       |       ||     5
       Lightning rod     |       |       |       |       |     7 |       |       |       ||     7
  Use: Potion            |       |     1 |     2 |       |     2 |     3 |     3 |     2 ||    13
       Scroll            |       |       |       |       |       |    15 |     5 |       ||    20
 Stab: Invisible         |       |       |     3 |       |       |       |       |       ||     3
       Distracted        |       |       |       |     1 |       |       |     1 |       ||     2
       Sleeping          |       |       |       |     2 |       |       |     1 |       ||     3
Armor: Scale mail        |     6 |     5 |     6 |    40 |    70 |    32 |       |       ||   159
       Chain mail        |       |    11 |     4 |       |       |       |       |       ||    15
       Plate armour      |       |       |       |       |       |    20 |       |       ||    20
       Gold dragon scale |       |       |       |       |       |     2 |    21 |    14 ||    37
Dodge: Dodged            |    10 |    13 |    24 |    74 |    93 |    39 |    32 |    19 ||   304
Block: Kite shield       |    14 |    21 |    34 |   119 |   174 |    56 |       |       ||   418
       Tower shield      |       |       |       |       |       |   104 |   162 |    72 ||   338
       Rpst.: Long sword |     4 |       |       |     8 |     3 |       |       |       ||    15
       Scimitar          |       |     3 |     5 |       |       |       |       |       ||     8
       Double sword      |       |       |       |     8 |     9 |       |     1 |       ||    18
       Demon blade       |       |       |       |     2 |     5 |     2 |     3 |     5 ||    17

Table legend: (Time is in decaauts) A = Elapsed time spent in this place. B = Non-inter-level travel time spent in this place. C = Inter-level travel time spent in this place. D = Time resting spent in this place. E = Time spent auto-exploring this place. F = Levels seen in this place. G = Mean time per level. A B C D E F G +--------+--------+--------+--------+--------+-----+--------+ Total | 11807 | 11014 | 793 | 4924 | 1629 | 1 | 11807.0 | Dungeon | 11807 | 11014 | 793 | 4924 | 1629 | 1 | 11807.0 | +--------+--------+--------+--------+--------+-----+--------+

Top non-repeatable levels by time:
       D: 11807 daAuts
